 Dungeon Crawl Stone Soup version 0.31-a0-187-gba352fbbf7 (webtiles) character file.

Game seed: 2424138550077088730

25 qw the Shooter (level 2, 0/16 HPs)
             Began as a Deep Elf Hunter on June 22, 2023.
             Slain by Terence
             ... wielding a +0 falchion
              (3 damage)
             ... on level 2 of the Dungeon.
             The game lasted 00:00:17 (1161 turns).

qw the Shooter (Deep Elf Hunter)                    Turns: 1161, Time: 00:00:18

Health: 0/16       AC:  3    Str:  8    XL:     2   Next: 82%
Magic:  4/4        EV: 12    Int: 13    God:
Gold:   69         SH:  0    Dex: 18    Spells: 1/1 levels left

rFire   . . .        Y - +0 shortbow
rCold   . . .        (shield currently unavailable)
rNeg    . . .        c - +0 leather armour
rPois   .            (no helmet)
rElec   .            (no cloak)
rCorr   .            (no gloves)
SInv    .            (no boots)
Will    .....        (no amulet)
Stlth   ++           (no ring)
HPRegen 0.22/turn    (no ring)
MPRegen 0.09/turn

%: no passive effects
@: about to teleport
A: no striking features
a: no special abilities


You were on level 2 of the Dungeon.
You visited 1 branch of the dungeon, and saw 2 of its levels.

You collected 69 gold pieces.


   Skills:
 - Level 1.5 Fighting
 + Level 6.5 Ranged Weapons
 - Level 2.4 Dodging
 - Level 1.2 Stealth


You had one spell level left.
You didn't know any spells.
Your spell library was empty.

Inventory:

Hand Weapons
 Y - a +0 shortbow (weapon)
Armour
 c - a +0 leather armour (worn)
Jewellery
 i - a ring of ice
Scrolls
 a - a scroll of teleportation
 e - a scroll of vulnerability {unknown}
 g - 2 scrolls of identify {unknown}
Potions
 b - a potion of attraction {unknown}
 d - a potion of magic {unknown}
 f - a potion of brilliance {unknown}
 h - a potion of berserk rage {unknown}

Dungeon Overview and Level Annotations

Branches:
Dungeon (2/15)

Altars:

Annotations:
D:2 Terence


Message History

You shoot an arrow. The arrow hits the ball python!
You kill the ball python!
You shoot an arrow. The arrow barely misses the worm.
A rat comes into view.
You shoot an arrow. The arrow hits the worm!
The worm is heavily wounded.
You shoot an arrow.
The arrow hits the worm but does no damage.
The worm is heavily wounded.
You shoot an arrow. The arrow hits the worm.
The worm is severely wounded.
You shoot an arrow. The arrow hits the worm!
You kill the worm!
You shoot an arrow. The arrow barely misses Terence.
Terence closely misses you. Terence hits you with a +0 falchion.
You shoot an arrow. The arrow closely misses Terence.
Terence hits you with a +0 falchion.
You shoot an arrow. The arrow completely misses Terence.
Terence hits you with a +0 falchion.
You shoot an arrow. The arrow hits Terence.
Terence is moderately wounded.
Terence hits you but does no damage.
You shoot an arrow.
The arrow hits Terence but does no damage.
Terence is moderately wounded.
Terence shouts, "Now you die!" Terence misses you.
You shoot an arrow.
The arrow hits Terence but does no damage.
Terence is lightly wounded.
Terence hits you with a +0 falchion.
1160 ||| READING 2 scrolls of teleportation.
As you read the scroll of teleportation, it crumbles to dust.
You feel strangely unstable. Terence closely misses you.
You shoot an arrow.
The arrow hits Terence but does no damage.
Terence is lightly wounded.
Terence hits you with a +0 falchion.
You die...

## ##. # .. .. .##... .###
#.##$(...# .....#..@r$# #
#..... #...@# ##.. #.....
####.##..... .... ##....#
..####..... ...
##....##...........# #.#
#..#####...........#
#.#######.#### #...........#
####.PPPPPPP.PPP####.#...#..>.#
#........P.P.P.P......#........
#....P.P.P.P.P.P.# #...........


You could see Terence and a rat.

Vanquished Creatures
  A worm (D:2)
  3 ball pythons
  A bat (D:1)
  An endoplasm (D:1)
  A giant cockroach (D:2)
  3 goblins
  2 hobgoblins
  2 frilled lizards (D:1)
  6 kobolds
  A rat (D:1)
21 creatures vanquished.

Notes
Turn   | Place    | Note
-------+----------+-------------------------------------------
     0 | D:1      | qw the Deep Elf Hunter began the quest for the Orb.
     0 | D:1      | Reached XP level 1. HP: 12/12 MP: 3/3
     0 | D:1      | 0 ||| qw: Version: 0.3-a-9-g12657ce
     0 | D:1      | 0 ||| qw: Game counter: 2354
     0 | D:1      | 0 ||| qw: Always use a shield: true
     0 | D:1      | 0 ||| qw: God list: Okawaru
     0 | D:1      | 0 ||| qw: Allow faded altars: false
     0 | D:1      | 0 ||| qw: Do Orc after D:15 true
     0 | D:1      | 0 ||| qw: Do second Lair branch before Depths: true
     0 | D:1      | 0 ||| qw: Lair rune preference: random
     0 | D:1      | 0 ||| qw: Plans: Normal
     0 | D:1      | 0 ||| PLANNING D:1-11
   227 | D:1      | Reached XP level 2. HP: 16/16 MP: 4/4
   238 | D:1      | Reached skill level 6 in Ranged Weapons
   336 | D:1      | Found a faded altar of an unknown god.
   764 | D:1      | 764 ||| READING 2 scrolls labelled GUINUFU KYMMO.
   767 | D:1      | 767 ||| READING scroll labelled ASUISM DEUHEI.
   868 | D:1      | 868 ||| DROPPING scroll of butterflies.
  1146 | D:2      | Noticed Terence
  1159 | D:2      | HP: 3/16 [Terence/+0 falchion (6)]
  1160 | D:2      | 1160 ||| READING 2 scrolls of teleportation.
  1161 | D:2      | Slain by Terence

Levels and vault maps discovered:
D:1:      psy_arrival_conway, layout_loops_ring,
          shapermc_ecumenical_altar_mp_ritualfount, minivault_5
D:2:      layout_rooms, solitary_fountain, grunt_ministairs_2,
          minmay_misc_feat_hallway, minmay_hedge_maze, minmay_tetromino_o4,
          uniq_terence

Skill      XL: |  1  2 |
---------------+-------+-----
Ranged Weapons | 6 |  6.5
Fighting       | |  1.5
Dodging        | |  2.4
Stealth        | |  1.2

Action                     || total
---------------------------++-------
   Fire: Shortbow          ||    58
    Use: Scroll            ||     3
 Armour: Leather armour    ||     4
  Dodge: Dodged            ||     9

Table legend:
 A = Non-vault XP
 B = Vault XP
 C = Vault XP percentage of total XP
 D = Non-vault monster count
 E = Vault monster count
 F = Vault count percentage of total count
                 A         B        C        D         E       F
            +---------+---------+-------+---------+---------+-------
      Total |      26 |      10 |  27.8 |      17 |       4 |  19.0
            +---------+---------+-------+---------+---------+-------
        D:1 |      23 |       0 |   0.0 |      15 |       0 |   0.0
        D:2 |       3 |      10 |  76.9 |       2 |       4 |  66.7
            +---------+---------+-------+---------+---------+-------
